 Dungeon Crawl Stone Soup version 0.27.0-1-g7a089689b8 (webtiles) character file.

Game seed: 12953057501504154531

96 sanka the Changer (level 4, -14/21 HPs)
             Began as a Spriggan Transmuter on Aug 8, 2021.
             Demolished by an ogre (35 damage)
             ... on level 3 of the Dungeon.
             The game lasted 00:04:14 (2613 turns).

sanka the Changer (Spriggan Transmuter)             Turns: 2613, Time: 00:04:15

Health: -14/21     AC:  2    Str:  6    XL:     4   Next: 41%
Magic:  6/9        EV: 20    Int: 15    God:
Gold:   108        SH:  0    Dex: 20    Spells: 3/9 levels left

rFire    . . .     SeeInvis +     - Unarmed
rCold    . . .     Faith    .   (shield currently unavailable)
rNeg     . . .     Spirit   .   (armour currently unavailable)
rPois    x         Reflect  .   (helmet currently unavailable)
rElec    .         Harm     .   (cloak currently unavailable)
rCorr    .         Rampage  .   (gloves unavailable)
Will     .....                  (boots unavailable)
Stlth    ++........             (no amulet)
HPRegen  0.07/turn              (no ring)
MPRegen  0.11/turn              (no ring)

@: spider-form
A: venomous fangs, tiny, no large weapons, unfitting armour, see invisible,
(speed 3)
a: End Transformation


You were on level 3 of the Dungeon.
You were a venomous arachnid creature.
You visited 1 branch of the dungeon, and saw 4 of its levels.

You collected 108 gold pieces.


Innate Abilities, Weirdness & Mutations

You are a venomous arachnid creature.
You have poisonous fangs.
You are tiny and dextrous.
Your spellcasting is less reliable in this form.
Your armour is entirely melded.
You are incapable of wielding weapons or throwing items.
You are very small and have problems with some larger weapons.
You are too small for most types of armour.
You have supernaturally acute eyesight. (SInv)
((You cover ground extremely quickly. (Speed+++)))


   Skills:
 - Level 0.7 Fighting
 - Level 2.6 Dodging
 - Level 2.4 Unarmed Combat
 - Level 3.0 Spellcasting
 + Level 5.4 Transmutations
 + Level 1.8 Poison Magic


You had 3 spell levels left.
You knew the following spells:

 Your Spells              Type           Power      Damage    Failure   Level
x - Spider Form           Tmut/Pois      6%         N/A       32%         3
y - Wereblood             Tmut           18%        N/A       11%         2
z - Beastly Appendage     Tmut           36%        N/A       9%          1

Your spell library contained the following spells:

 Spells                   Type           Power      Damage    Failure   Level
 Pain                     Necr           8%         1d4       41%         1
 Ice Form                 Ice/Tmut       10%        N/A       75%         4
 Agony                    Necr           2%         N/A       100%        5
 Excruciating Wounds      Necr           1%         N/A       100%        5

Inventory:

Armour
 a - a +0 robe (melded)
Scrolls
 b - a scroll of identify {unknown}
 c - 2 scrolls of summoning {unknown}
 d - a scroll of noise {unknown}
 e - a scroll of blinking {unknown}
 f - a scroll of acquirement {unknown}
 g - a scroll of teleportation {unknown}
 h - a scroll of torment {unknown}
 j - a scroll of vulnerability {unknown}
Potions
 i - a potion of mutation {unknown}

Dungeon Overview and Level Annotations

Branches:
Dungeon (4/15)
 Temple: D:4-7

Altars:
Vehumet

Shops:
D:3

* ▒.▒ ▒.▒ ▒.▒▒▒▒
▒.▒▒.▒▒ ▒▒▒▒▒ ▒▒▒
▒.▒...▒▒▒▒...▒
..▒▒▒▒..........▒.▒
▒..........▒▒▒▒...▒
▒▒▒▒......▒▒ ▒▒.▒▒
▒ ▒▒...▒▒▒ ▒s▒ ▒
▒▒.▒▒ ▒O▒ ▒ ▒.▒ ▒.▒
▒.▒ ▒.∩ ▒+▒ ▒..
▒▒∩. ▒ ▒. ▒ .. ▒


You could see an ogre (extremely poisoned).


Message History

No target in view!
You start resting.
Your transformation is almost over.
You start resting.
Your horns disappear.
Your talons disappear.
You start resting.
HP restored.
j - a scroll labelled KUCOCW JYUREGO
There is a stone staircase leading up here.
You climb upwards.
Found 24 stones.
There is a stone staircase leading down here.
Unknown command.
Found Lesoadeh's Assorted Antiques.
An ogre comes into view. It is wielding a +0 giant club.
The ogre shouts!
An ogre is nearby!
The spell is extremely dangerous to cast (14% risk of failure)!
Continue anyway?
You turn into a venomous arachnid creature.
You hit the ogre.
The ogre is poisoned.
The ogre is moderately wounded.
The ogre completely misses you.
You hit the ogre but do no damage.
The ogre looks as sick as possible!
The ogre is moderately wounded.
The ogre hits you with a +0 giant club!!
Ouch! That really hurt!
You die...

Action                   |  1- 3 |  4- 6 || total
-------------------------+-------+-------++-------
Melee: Unarmed           |   134 |    11 ||   145
       Kick              |    21 |       ||    21
       Headbutt          |     9 |       ||     9
       Punch             |     2 |       ||     2
 Cast: Beastly Appendage |    23 |     1 ||    24
       Wereblood         |     3 |       ||     3
       Spider Form       |     4 |     1 ||     5
 Stab: Sleeping          |     2 |       ||     2
Armor: Robe              |     9 |       ||     9
       Skin              |     2 |       ||     2
Dodge: Dodged            |    92 |     7 ||    99

Levels and vault maps discovered:
D:1:      minmay_arrival_four_houses, layout_basic
D:2:      cheibrodos_old_hovel, layout_loops_ring,
          ebering_ecumenical_altar_abandoned, kennysheep_generic_room_7
D:3:      layout_loops_corners, lemuel_crystal_altar,
          mainiacjoe_overflow_chevrons, serial_shops,
          nicolae_shop_competitors_out_of_business
D:4:      minmay_spotlight, layout_loops_ring, vehumet_crystals,
          minmay_fountain_box

Notes
Turn   | Place    | Note
-------+----------+-------------------------------------------
     0 | D:1      | sanka the Spriggan Transmuter began the quest for the Orb.
     0 | D:1      | Reached XP level 1. HP: 9/9 MP: 5/5
    37 | D:1      | Reached skill level 3 in Spellcasting
    37 | D:1      | Reached skill level 3 in Transmutations
   172 | D:1      | Reached XP level 2. HP: 11/14 MP: 4/7
   306 | D:1      | Learned a level 2 spell: Wereblood
   560 | D:1      | Reached skill level 4 in Transmutations
   763 | D:1      | Reached XP level 3. HP: 17/17 MP: 6/8
  1337 | D:2      | Learned a level 3 spell: Spider Form
  1990 | D:4      | Reached skill level 5 in Transmutations
  1990 | D:4      | Reached skill level 1 in Poison Magic
  2347 | D:4      | Reached XP level 4. HP: 17/21 MP: 4/9
  2501 | D:4      | Found a radiant altar of Vehumet.
  2601 | D:3      | Found Lesoadeh's Assorted Antiques.
  2605 | D:3      | Noticed an ogre
  2613 | D:3      | Demolished by an ogre

Vanquished Creatures
  A hound (D:4)
  2 adder skeletons (D:4)
  A worm (D:4)
  2 dart slugs
  4 ball pythons
  4 bats
  10 endoplasms
  2 giant cockroaches
  4 hobgoblins
  3 jackals (D:1)
  5 kobolds
  3 quokkas
  6 goblins
  2 rats
49 creatures vanquished.

Vanquished Creatures (others)
  A plant (D:2)
1 creature vanquished.

Grand Total: 50 creatures vanquished
